 Dungeon Sprint DCSS version 0.28.0-45-g0d030f2227 (webtiles) character file.

Game seed: 17285303009270579464

7300000 boopmooplesden the Axe Maniac (level 27, -6/273 HPs)
             Began as a Minotaur Gladiator on Apr 16, 2022.
             Was the Champion of Makhleb.
             Mangled by a meat beast (10 damage)
             ... in the Dungeon (Sprint VIII: "Arena of Blood").
             The game lasted 00:05:45 (73 turns).

boopmooplesden the Axe Maniac (Minotaur Gladiator)    Turns: 73, Time: 00:05:46

Health: -6/273     AC:  6    Str: 21    XL:     27
Magic:  24/46      EV: 36    Int:  5    God:    Makhleb [******]
Gold:   0          SH:  0    Dex: 24    Spells: 66/66 levels left

rFire   . . .      SeeInvis .   k - +โˆž Axe of Woe
rCold   . . .      Faith    .   (shield currently unavailable)
rNeg    . . .      Spirit   .   b - +0 leather armour
rPois   .          Reflect  .   c - +0 hat
rElec   .          Harm     .   (no cloak)
rCorr   .          Rampage  .   (no gloves)
Will    ++...      NoTele   +   (no boots)
Stlth   +++++++++.              (no amulet)
HPRegen 0.55/turn               l - +30 ring of slaying
MPRegen 0.30/turn               m - +200 ring of slaying

@: no status effects
A: horns 2, retaliatory headbutt
a: Renounce Religion, Minor Destruction, Lesser Servant of Makhleb, Major
Destruction, Greater Servant of Makhleb


You were in the Dungeon.
You worshipped Makhleb.
Makhleb was exalted by your worship.
You visited 1 branch

Inventory:

Hand Weapons
 a - a +0 war axe
 k - the +โˆž Axe of Woe (weapon)
   (You found it in the Dungeon)
Missiles
 d - 3 throwing nets (quivered)
Armour
 b - a +0 leather armour (worn)
 c - a +0 hat (worn)
Jewellery
 l - a +30 ring of slaying (left hand)
 m - a +200 ring of slaying (right hand)
Potions
 e - a potion of curing
 f - a potion of heal wounds
 g - a potion of haste
 h - 2 potions of magic
 i - a potion of berserk rage


   Skills:
 O Level 27 Fighting
 O Level 27 Short Blades
 O Level 27 Long Blades
 O Level 27 Axes
 O Level 27 Maces & Flails
 O Level 27 Polearms
 O Level 27 Staves
 O Level 27 Slings
 O Level 27 Bows
 O Level 27 Crossbows
 O Level 27 Throwing
 O Level 27 Armour
 O Level 27 Dodging
 + Level 25.2 Stealth
 O Level 27 Shields
 O Level 27 Unarmed Combat
 + Level 20.0 Spellcasting
 + Level 21.6 Conjurations
 + Level 20.3 Hexes
 + Level 21.6 Summonings
 + Level 21.9 Necromancy
 + Level 21.7 Translocations
 + Level 23.3 Transmutations
 + Level 21.7 Fire Magic
 + Level 21.6 Ice Magic
 + Level 21.6 Air Magic
 + Level 23.6 Earth Magic
 + Level 22.1 Poison Magic
 O Level 27 Invocations
 + Level 25.8 Evocations


You had 66 spell levels left.
You didn't know any spells.
Your spell library was empty.

Dungeon Overview and Level Annotations

Branches:
Dungeon (1/1)

Altars:
Makhleb


Innate Abilities, Weirdness & Mutations

You have a pair of horns on your head.
You reflexively headbutt those who attack you in melee.


Message History

Your Poison Magic skill increases to level 22!
You slice the meat berserker!!
You slaughter the meat berserker joyfully.
You kill the meat berserker!
Makhleb accepts your kill.
You feel better.
The meat beast appears out of thin air!
A meat beast comes into view.
You hear a shout! x2
The eight-headed meat hydra calls on the powers of darkness!
The eight-headed meat hydra convulses!
The meat berserker convulses!
The bag of meat convulses! x3; Your body is wracked with pain!
The bag of meat convulses!
You hear a shout! x2
The dread throws damnation at you.
The sphere of damnation explodes!
The damnation engulfs you!!!
* * * LOW HITPOINT WARNING * * *
The meat beast howls!
You hear a shout! x2
Your Spellcasting skill increases to level 20!
A dread, a bag of meat and a meat berserker come into view.
The eight-headed meat hydra appears out of thin air!
An eight-headed meat hydra comes into view.
The meat berserker shouts!
The meat beast misses you. You furiously retaliate!
You headbutt the meat beast!!!!! The meat beast tramples you.
* * * LOW HITPOINT WARNING * * *
You stumble backwards!
You hear a shout! x3
The accursed hits you!!
* * * LOW HITPOINT WARNING * * *
The eight-headed meat hydra calls on the powers of darkness!
The eight-headed meat hydra convulses! x2
The eight-headed meat hydra roars!
The bag of meat convulses!
The meat berserker convulses!
The bag of meat convulses! x3; Your body is wracked with pain!
* * * LOW HITPOINT WARNING * * *
You hear a shout!
The meat beast bites you!
* * * LOW HITPOINT WARNING * * *
The meat beast tramples you!
You die...

....#..)))).#.)...#. .
###....))))..#_.<._#
o.##...o#.D)))..#o)...#
#.......D#........_.....
.#................###o...
.......))))..###.... ..##
WO....ooO).....#.......#
......o2)......#..... .#
......#W@MW......... ..
.....#.#.#..........o
......#.#........
##...#.# #....... ##...#
....#.. #... .ยง..... ..#
..# . .. ..


You could see an accursed, a meat beast (fast), 2 eight-headed meat hydras, 2
dreads, 2 meat berserkers and 4 bags of meat.

Vanquished Creatures
  3 hell beasts (D)
  2 royal mummies (D)
  9 vampire knights (D)
  27 ogres (D)
  5 two-headed ogres (D)
  3 liches (D)
  78 orcs (D)
  5 skeletal warriors (D)
132 creatures vanquished.

Vanquished Creatures (others)
  A two-headed ogre (D)
1 creature vanquished.

Grand Total: 133 creatures vanquished

Notes
Turn   | Place    | Note
-------+----------+-------------------------------------------
     0 | D        | Found the +โˆž Axe of Woe
     0 | D        | boopmooplesden the Minotaur Gladiator began the quest for
                  | the Orb.
     0 | D        | Reached XP level 1. HP: 18/18 MP: 0/0
     0 | D        | Noticed a meat berserker
     2 | D        | Noticed a bag of meat
     3 | D        | Noticed a bag of meat
     4 | D        | Became a worshipper of Makhleb the Destroyer
     6 | D        | Killed a meat berserker
     6 | D        | Noticed a bag of meat
     7 | D        | Reached skill level 10 in Throwing
     7 | D        | Reached XP level 2. HP: 42/42 MP: 1/1
     7 | D        | Reached XP level 3. HP: 49/49 MP: 2/2
     7 | D        | Reached XP level 4. HP: 57/57 MP: 3/3
     7 | D        | Reached XP level 5. HP: 63/63 MP: 4/4
     7 | D        | Reached XP level 6. HP: 71/71 MP: 5/5
     7 | D        | Reached XP level 7. HP: 78/78 MP: 6/6
     7 | D        | Reached XP level 8. HP: 85/85 MP: 7/7
     7 | D        | Reached XP level 9. HP: 91/91 MP: 8/8
     7 | D        | Reached XP level 10. HP: 99/99 MP: 9/9
     7 | D        | Reached XP level 11. HP: 105/105 MP: 10/10
     8 | D        | Killed a bag of meat
     8 | D        | Reached * piety under Makhleb
     9 | D        | Reached XP level 12. HP: 115/115 MP: 11/11
     9 | D        | Noticed a bag of meat
    10 | D        | Noticed a meat berserker
    10 | D        | Noticed a bag of meat
    11 | D        | Killed a bag of meat
    11 | D        | Noticed a bag of meat
    12 | D        | Reached XP level 13. HP: 125/125 MP: 12/12
    12 | D        | Noticed a meat berserker
    12 | D        | Noticed a bag of meat
    12 | D        | Noticed a bag of meat
    13 | D        | Killed a meat berserker
    13 | D        | Killed a bag of meat
    13 | D        | Reached ** piety under Makhleb
    14 | D        | Reached skill level 27 in Axes
    14 | D        | Reached XP level 14. HP: 140/140 MP: 13/13
    14 | D        | Noticed a bag of meat
    14 | D        | Noticed a meat berserker
    15 | D        | Noticed a meat berserker
    16 | D        | Noticed a bag of meat
    16 | D        | Noticed a bag of meat
    16 | D        | Noticed a meat berserker
    17 | D        | Noticed a meat berserker
    17 | D        | Noticed a bag of meat
    17 | D        | Noticed a bag of meat
    17 | D        | Noticed a bag of meat
    17 | D        | Noticed a bag of meat
    17 | D        | Noticed a bag of meat
    18 | D        | Killed a bag of meat
    18 | D        | Killed a meat berserker
    18 | D        | Killed a bag of meat
    18 | D        | Reached *** piety under Makhleb
    19 | D        | Reached skill level 27 in Dodging
    19 | D        | Reached XP level 15. HP: 168/168 MP: 14/14
    19 | D        | Noticed a large bag of meat
    19 | D        | Killed a meat berserker
    19 | D        | Noticed a meat berserker
    20 | D        | Reached skill level 27 in Fighting
    20 | D        | Killed a meat berserker
    20 | D        | Reached **** piety under Makhleb
    20 | D        | Noticed a large bag of meat
    20 | D        | Noticed a meat berserker
    21 | D        | Reached skill level 27 in Throwing
    21 | D        | Reached XP level 16. HP: 183/183 MP: 15/15
    21 | D        | Noticed a meat berserker
    21 | D        | Noticed a destroyer
    22 | D        | Killed a meat berserker
    22 | D        | Noticed a meat berserker
    22 | D        | Noticed a meat berserker
    23 | D        | Reached skill level 1 in Spellcasting
    23 | D        | Reached skill level 1 in Hexes
    23 | D        | Noticed a meat berserker
    23 | D        | Noticed a large bag of meat
    24 | D        | Reached skill level 5 in Armour
    24 | D        | Reached skill level 5 in Shields
    24 | D        | Killed a meat berserker
    24 | D        | Reached ***** piety under Makhleb
    25 | D        | Reached skill level 5 in Stealth
    25 | D        | Reached skill level 5 in Transmutations
    25 | D        | Reached skill level 5 in Earth Magic
    25 | D        | Reached skill level 5 in Evocations
    25 | D        | Reached XP level 17. HP: 191/191 MP: 15/22
    25 | D        | Killed a meat berserker
    26 | D        | Reached skill level 5 in Conjurations
    26 | D        | Reached skill level 5 in Summonings
    26 | D        | Reached skill level 5 in Necromancy
    26 | D        | Reached skill level 5 in Translocations
    26 | D        | Reached skill level 5 in Fire Magic
    26 | D        | Reached skill level 5 in Ice Magic
    26 | D        | Reached skill level 5 in Air Magic
    26 | D        | Reached skill level 5 in Poison Magic
    27 | D        | Killed a large bag of meat
    27 | D        | Killed a large bag of meat
    27 | D        | Killed a meat berserker
    27 | D        | Reached ****** piety under Makhleb
    27 | D        | Noticed a large bag of meat
    27 | D        | Noticed a destroyer
    28 | D        | Reached skill level 10 in Armour
    28 | D        | Reached skill level 10 in Shields
    28 | D        | Reached XP level 18. HP: 128/200 MP: 15/26
    28 | D        | Noticed a destroyer
    28 | D        | Noticed a meat berserker
    29 | D        | Reached skill level 10 in Short Blades
    29 | D        | Reached skill level 10 in Slings
    29 | D        | Reached skill level 10 in Bows
    29 | D        | Reached skill level 10 in Crossbows
    29 | D        | Reached skill level 10 in Unarmed Combat
    30 | D        | Killed a meat berserker
    30 | D        | Killed a meat berserker
    30 | D        | Killed a destroyer
    31 | D        | Reached skill level 10 in Stealth
    31 | D        | Reached skill level 10 in Evocations
    31 | D        | Reached XP level 19. HP: 199/207 MP: 16/29
    31 | D        | Noticed a meat berserker
    32 | D        | Noticed a large bag of meat
    32 | D        | Killed a meat berserker
    32 | D        | Killed a large bag of meat
    32 | D        | Killed a meat berserker
    32 | D        | Killed a large bag of meat
    33 | D        | Reached skill level 15 in Armour
    33 | D        | Reached skill level 15 in Shields
    33 | D        | Reached skill level 10 in Conjurations
    33 | D        | Reached skill level 10 in Summonings
    33 | D        | Reached skill level 10 in Necromancy
    33 | D        | Reached skill level 10 in Translocations
    33 | D        | Reached skill level 10 in Fire Magic
    33 | D        | Reached skill level 10 in Ice Magic
    33 | D        | Reached skill level 10 in Air Magic
    33 | D        | Reached skill level 10 in Poison Magic
    33 | D        | Reached XP level 20. HP: 159/216 MP: 16/32
    33 | D        | Noticed a meat berserker
    34 | D        | Noticed a meat berserker
    34 | D        | Noticed a destroyer
    35 | D        | Reached skill level 15 in Short Blades
    35 | D        | Reached skill level 15 in Slings
    35 | D        | Reached skill level 15 in Bows
    35 | D        | Reached skill level 15 in Crossbows
    35 | D        | Reached skill level 15 in Unarmed Combat
    35 | D        | Reached skill level 10 in Spellcasting
    35 | D        | Noticed a meat berserker
    36 | D        | Reached skill level 10 in Hexes
    36 | D        | Killed a destroyer
    36 | D        | Killed a meat berserker
    36 | D        | Killed a meat berserker
    37 | D        | Reached skill level 15 in Long Blades
    37 | D        | Reached skill level 15 in Maces & Flails
    37 | D        | Reached skill level 15 in Polearms
    37 | D        | Reached skill level 15 in Staves
    37 | D        | Reached skill level 15 in Invocations
    37 | D        | Reached XP level 21. HP: 210/224 MP: 17/35
    39 | D        | Reached XP level 22. HP: 150/233 MP: 17/36
    40 | D        | Reached skill level 15 in Stealth
    40 | D        | Reached skill level 15 in Evocations
    42 | D        | Reached skill level 15 in Transmutations
    42 | D        | Reached skill level 15 in Earth Magic
    43 | D        | Killed a large bag of meat
    44 | D        | Reached XP level 23. HP: 186/240 MP: 18/39
    45 | D        | Killed a destroyer
    47 | D        | Noticed a tyrant
    47 | D        | Noticed an accursed
    48 | D        | Reached skill level 15 in Conjurations
    48 | D        | Reached skill level 15 in Summonings
    48 | D        | Reached skill level 15 in Necromancy
    48 | D        | Reached skill level 15 in Translocations
    48 | D        | Reached skill level 15 in Fire Magic
    48 | D        | Reached skill level 15 in Ice Magic
    48 | D        | Reached skill level 15 in Air Magic
    48 | D        | Reached skill level 15 in Poison Magic
    48 | D        | Noticed a large bag of meat
    50 | D        | Reached XP level 24. HP: 238/249 MP: 19/40
    50 | D        | Killed a tyrant
    51 | D        | Killed a destroyer
    52 | D        | Reached skill level 15 in Spellcasting
    52 | D        | Reached skill level 15 in Hexes
    54 | D        | Reached XP level 25. HP: 257/257 MP: 20/41
    54 | D        | Noticed a tyrant
    54 | D        | Noticed a destroyer
    54 | D        | Noticed a destroyer
    54 | D        | Noticed an accursed
    54 | D        | Noticed a destroyer
    55 | D        | Killed an accursed
    56 | D        | Killed a tyrant
    58 | D        | Killed a destroyer
    58 | D        | Killed a destroyer
    59 | D        | Reached XP level 26. HP: 258/266 MP: 21/42
    59 | D        | Noticed a tyrant
    61 | D        | Noticed a destroyer
    62 | D        | Noticed a meat beast
    62 | D        | Noticed a meat beast
    62 | D        | Noticed a destroyer
    63 | D        | Noticed an accursed
    64 | D        | Reached skill level 27 in Armour
    64 | D        | Reached skill level 27 in Shields
    64 | D        | Killed a meat beast
    65 | D        | Reached XP level 27. HP: 224/273 MP: 22/43
    65 | D        | Noticed a dread
    65 | D        | Killed a destroyer
    65 | D        | Killed a destroyer
    66 | D        | Noticed a dread
    66 | D        | Killed a meat beast
    66 | D        | Noticed a meat beast
    67 | D        | Reached skill level 27 in Short Blades
    67 | D        | Reached skill level 27 in Slings
    67 | D        | Reached skill level 27 in Bows
    67 | D        | Reached skill level 27 in Crossbows
    67 | D        | Reached skill level 27 in Unarmed Combat
    68 | D        | Killed an accursed
    69 | D        | Killed a meat beast
    69 | D        | Killed a destroyer
    70 | D        | Reached skill level 27 in Long Blades
    70 | D        | Reached skill level 27 in Maces & Flails
    70 | D        | Reached skill level 27 in Polearms
    70 | D        | Reached skill level 27 in Staves
    70 | D        | Reached skill level 27 in Invocations
    70 | D        | Killed a large bag of meat
    71 | D        | Killed a tyrant
    72 | D        | Noticed a meat beast
    73 | D        | Noticed a dread
    73 | D        | HP: 4/273 [meat beast (12)]
    73 | D        | Mangled by a meat beast

Illustrated notes

Levels and vault maps discovered:
D:        meatsprint

Skill      XL: |  1  2  3  4  5  6  7  8  9 10 11 12 13 14 15 16 17 18 19 20 21 22 23 24 25 26 27 |
---------------+----------------------------------------------------------------------------------+-----
Fighting       | 12 13 14 17 24 27 | 27.0
Axes           | 21 23 25 27 | 27.0
Throwing       | 10 11 12 13 19 27 | 27.0
Dodging        | 20 21 23 26 27 | 27.0
Short Blades   | 6 9 12 14 16 17 19 21 22 24 25 27 | 27.0
Long Blades    | 6 9 11 13 15 16 18 20 21 23 24 27 | 27.0
Maces & Flails | 6 9 11 13 15 16 18 20 21 23 24 27 | 27.0
Polearms       | 6 9 11 13 15 16 18 20 21 23 24 27 | 27.0
Staves         | 6 9 11 13 15 16 18 20 21 23 24 27 | 27.0
Slings         | 6 9 12 14 16 17 19 21 22 24 25 27 | 27.0
Bows           | 6 9 12 14 16 17 19 21 22 24 25 27 | 27.0
Crossbows      | 6 9 12 14 16 17 19 21 22 24 25 27 | 27.0
Armour         | 7 10 13 15 18 20 22 24 26 27 | 27.0
Stealth        | 5 8 10 12 14 16 18 19 21 22 25 | 25.2
Shields        | 7 10 13 15 18 20 22 24 26 27 | 27.0
Unarmed Combat | 6 9 12 14 16 17 19 21 22 24 25 27 | 27.0
Spellcasting   | 4 6 7 9 11 13 14 15 16 17 20 | 20.0
Conjurations   | 4 6 8 10 12 14 15 16 18 19 21 | 21.6
Hexes          | 4 6 7 9 11 13 14 15 16 17 20 | 20.3
Summonings     | 4 6 8 10 12 14 15 16 18 19 21 | 21.6
Necromancy     | 4 6 8 10 12 14 15 16 18 19 21 | 21.9
Translocations | 4 6 8 10 12 14 15 16 18 19 21 | 21.7
Transmutations | 5 7 9 11 13 15 16 17 19 20 23 | 23.3
Fire Magic     | 4 6 8 10 12 14 15 16 18 19 21 | 21.7
Ice Magic      | 4 6 8 10 12 14 15 16 18 19 21 | 21.6
Air Magic      | 4 6 8 10 12 14 15 16 18 19 21 | 21.6
Earth Magic    | 5 7 9 11 13 15 16 17 19 20 23 | 23.6
Poison Magic   | 4 6 8 10 12 14 15 16 18 19 22 | 22.1
Invocations    | 6 8 11 13 15 16 17 19 21 22 24 27 | 27.0
Evocations     | 5 8 10 12 14 16 18 19 21 22 25 | 25.8

Action                   |  1- 3 |  4- 6 |  7- 9 | 10-12 | 13-15 | 16-18 | 19-21 | 22-24 | 25-27 || total
-------------------------+-------+-------+-------+-------+-------+-------+-------+-------+-------++-------
Melee: Executioner's axe |     1 |       |       |     2 |     4 |     7 |     6 |    13 |    17 ||    50
  Use: Scroll            |       |       |       |       |       |       |       |       |     1 ||     1
Dodge: Dodged            |       |       |       |       |       |     1 |     2 |       |     1 ||     4
